Unix NetHack Version 5.0.0-0 post-release - last build May  4 2026 22:22:43 (774f63e81ad911689b3a0859ea89b322d5daca8d,branch:main).

Game began 2026-05-08 21:30:16, ended 2026-05-08 22:09:13.

Gary, lawful male human Samurai

                                                  --------
                                       ########%##.^.....|         ----------
                                                  |......|         |........|
              -------              #[#%#      ####%......|         |..%.....|
              |...%.|            ------------- (##|.(....|  #######..))d@...|
              ....<..###         |C.........C.####-----.-- ##      |........|
              |.....|  #         |.....C.%...|        ######      #.........|
              |.....|  #         |...-----.%.|         #         ##|........|
              -------  #         |...|.{.....|                   # ----------
                       ######    |..C|{.{|C..|                 ###
                            #####....|.{ |...|      -------   ##
                                 |...-----...|      |.....|   #
                                 |.....C.....|      |.....-####
                                 |C.........C|      |.....|
                                 -------------      -------

Gary the Ninja         St:14 Dx:14 Co:18 In:11 Wi:8 Ch:8  Lawful S:2330
Dlvl:7  $:0  HP:0(67) Pw:26(26) AC:4  Xp:6/505 T:2686 

Latest messages:
 You try to feel what is lying here on the floor.
 You feel here a violet fungus corpse.
 You feel an unseen monster!
 It misses!
 You stop searching.
 It hits!
 It bites!
 What do you want to zap? [ovzC or ?*] C
 Nothing happens.
 What do you want to zap? [ovzC or ?*] o
 In what direction?
 The wand hits it!
 You destroy it!
 You feel an unseen monster!
 It misses!
 You stop searching.
 It hits!
 It misses!
 You destroy it!
 You can see again.
 You hear some noises in the distance.
 You hear a clank.
 You hear a clank.
 You hear a wolf howling at the moon.
 You stop searching.
 You hit the manes.
 You miss the manes.
 You destroy the manes!
 The leprechaun appears close by!
 Pick a monster, object or location.
 c - a +0 yumi (weapon in right hand).
 a - a +0 katana (alternate weapon; not wielded).
 In what direction?
 The ya hits the werewolf!
 The werewolf changes into a wolf.
 In what direction?
 You shoot 2 ya.
 The 1st ya misses the werewolf.
 The 2nd ya hits the werewolf!
 In what direction?
 The ya hits the werewolf!
 a - a +0 katana (weapon in right hand).
 c - a +0 yumi (alternate weapon; not wielded).
 The werewolf bites!
 You hit the werewolf!
 The werewolf bites!
 You miss the werewolf.
 You miss the werewolf.
 The werewolf bites!
 You die...

Inventory:
 Weapons  (')')
  d - 27 +0 ya (in quiver)
  c - a +0 yumi (alternate weapon; not wielded)
  a - a +0 katana (weapon in right hand)
  b - a +0 wakizashi
 Armor    ('[')
  p - an uncursed +0 orcish helm
  s - an uncursed +0 pair of speed boots
  e - an uncursed rustproof +0 splint mail (being worn)
 Comestibles  ('%')
  q - 2 uncursed apples
 Scrolls  ('?')
  n - an uncursed scroll of blank paper
  y - an uncursed scroll of charging
  k - an uncursed scroll of confuse monster
  F - an uncursed scroll of enchant armor
  t - a cursed scroll of enchant weapon
  f - a blessed scroll of identify
  r - an uncursed scroll of identify
 Spellbooks  ('+')
  u - an uncursed spellbook of healing
 Potions  ('!')
  g - an uncursed potion of extra healing
  l - 2 uncursed potions of gain energy
  m - an uncursed potion of healing
  A - a blessed potion of invisibility
  G - an uncursed potion of restore ability
 Wands    ('/')
  z - a wand of digging (0:7)
  v - a wand of digging (0:5)
  C - a cursed wand of magic missile (0:0)
  o - a wand of striking (0:3)
 Gems/Stones  ('*')
  i - 2 uncursed worthless pieces of blue glass
  E - an uncursed worthless piece of orange glass
  B - an uncursed worthless piece of violet glass
  x - an uncursed worthless piece of yellow glass
  D - a cursed worthless piece of yellow glass

Gary the Samurai's attributes:

Background:
 You were a Ninja, a level 6 male human Samurai.
 You were lawful, on a mission for Amaterasu Omikami
 who was opposed by Raijin (neutral) and Susanowo (chaotic).
 You were right-handed.
 You were in the Dungeons of Doom, on level 7.
 You entered the dungeon 2686 turns ago.
 It was nighttime.
 You had 505 experience points, 135 more were needed to attain level 7.
 Your score was 2330 before end-of-game adjustments.

Basics:
 You had 0 out of 67 hit points.
 You had all 26 energy points (spell power).
 Your armor class was 4.
 Your wallet was empty.
 Autopickup was on for '$' plus thrown.

Final Characteristics:
 Your strength was 14 (peak:15, limit:18/100).
 Your dexterity was 14 (peak:15, limit:18).
 Your constitution was 18 (limit:18).
 Your intelligence was 11 (limit:18).
 Your wisdom was 8 (limit:18).
 Your charisma was 8 (limit:18).

Final Status:
 You weren't hungry.
 You were unencumbered.
 You were wielding a long sword.
 You had basic skill with long sword and could have enhanced that.

Final Attributes:
 You were piously aligned.
 You were poison resistant.
 You were warded.
 You were fast.
 You are dead.

Miscellaneous:
 You encountered 1 bones level.
 Total elapsed playing time was 38 minutes and 57 seconds.

Major events:
 Turn
    1: Gary the lawful male human Samurai entered the dungeon
  421: attained the rank of Ronin (level 3)
 2333: attained the rank of Ninja (level 6)
 2686: killed by a werewolf

You didn't know any spells.

Skills:
 Fighting Skills
   martial arts      [Basic]
   two weapon combat [Unskilled]
   riding            [Unskilled]
 Weapon Skills
   dagger            [Unskilled]
   knife             [Unskilled]
   short sword       [Basic]
   broadsword        [Unskilled]
   long sword        [Basic]
   two-handed sword  [Unskilled]
   saber             [Unskilled]
   flail             [Unskilled]
   quarterstaff      [Unskilled]
   polearms          [Unskilled]
   spear             [Unskilled]
   lance             [Unskilled]
   bow               [Basic]
   shuriken          [Unskilled]
 Spellcasting Skills
   attack spells     [Unskilled]
   divination spells [Unskilled]
   clerical spells   [Unskilled]

Voluntary challenges:
 Character rerolling was not enabled.
 You never genocided any monsters.
 You never polymorphed an object.
 You never changed form.
 You used no wishes.
Achievements:
 You attained the rank of Ronin.
 You attained the rank of Ninja.

 The Dungeons of Doom: levels 1 to 7
    Level 1:
       Many fountains.
    Level 2:
       An altar, a sink.
    Level 3:
       Some fountains, a sink.
    Level 4:
       An altar.
    Level 5:
    Level 6:
       A fountain.
    Level 7: <- You were here.
       Many fountains.
       Final resting place for
          you, killed by a werewolf,
          1112463359-Val-Hum-Fem-Law, killed by a kobold lord.


Vanquished creatures:
  a ghost
  a giant beetle
  2 leprechauns
  2 dingoes
  3 human zombies
  a Mordor orc
  a pony
  a yellow light
  a violet fungus
  a black naga hatchling
  2 little dogs
  a floating eye
  a kitten
  2 kobold leaders
  6 hill orcs
  a centipede
  a giant bat
  a dwarf zombie
  2 coyotes
  a gas spore
  3 manes
  3 giant rats
  a red mold
  a gecko
  6 jackals
  2 foxes
  a goblin
  3 sewer rats
  2 bats
  4 lichens
  3 newts
61 creatures vanquished.

No species were genocided or became extinct.

Game over:
                       ----------
                      /          \
                     /    REST    \
                    /      IN      \
                   /     PEACE      \
                  /                  \
                  |       Gary       |
                  |       0 Au       |
                  |   killed by a    |
                  |     werewolf     |
                  |                  |
                  |                  |
                  |       2026       |
                 *|     *  *  *      | *
        _________)/\\_//(\/(/\)/\//\/|_)_______

Sayonara Gary the Samurai...

You died in The Dungeons of Doom on dungeon level 7 with 2330 points,
and 0 pieces of gold, after 2686 moves.
You were level 6 with a maximum of 67 hit points when you died.

